 Dungeon Crawl Stone Soup version 0.29-a0-364-g921d912d32 (webtiles) character file.

Game seed: 7798084270503530908

4 HermannNekro the Grave Robber (level 1, 0/13 HPs)
             Began as a Human Necromancer on Apr 30, 2022.
             Slain by a jackal (2 damage)
             ... on level 1 of the Dungeon.
             The game lasted 00:02:46 (99 turns).

HermannNekro the Grave Robber (Human Necromancer)     Turns: 99, Time: 00:02:47

Health: 0/13       AC:  2    Str:  8    XL:     1   Next: 77%
Magic:  3/3        EV: 12    Int: 15    God:
Gold:   25         SH:  0    Dex: 13    Spells: 3/4 levels left

rFire   . . .      SeeInvis .   d - +0 falchion
rCold   . . .      Faith    .   (no shield)
rNeg    . . .      Spirit   .   a - +0 robe
rPois   .          Reflect  .   (no helmet)
rElec   .          Harm     .   (no cloak)
rCorr   .          Rampage  .   (no gloves)
Will    .....                   (no boots)
Stlth   ++........              (no amulet)
HPRegen 0.04/turn               (no ring)
MPRegen 0.08/turn               (no ring)

@: no status effects
A: no striking features
a: no special abilities


You were on level 1 of the Dungeon.
You visited 1 branch of the dungeon, and saw 1 of its levels.

You collected 25 gold pieces.

Inventory:

Hand Weapons
 c - a +0 quarterstaff
 d - a +0 falchion (weapon)
Missiles
 f - 3 poisoned darts
Armour
 a - a +0 robe (worn)
Potions
 b - a potion of magic
 e - a potion of resistance {unknown}


   Skills:
 + Level 2.1 Dodging
 + Level 2.0 Stealth
 + Level 2.0 Spellcasting
 + Level 4.1 Necromancy


You had 3 spell levels left.
You knew the following spells:

 Your Spells              Type           Power      Damage    Failure   Level
a - Pain                  Necr           56%        1d6       4%          1

Your spell library contained the following spells:

 Spells                   Type           Power      Damage    Failure   Level
 Animate Skeleton         Necr           28%        N/A       4%          1
 Vampiric Draining        Necr           14%        2d7       12%         3
 Animate Dead             Necr           7%         N/A       36%         4
 Agony                    Necr           14%        N/A       73%         5


Dungeon Overview and Level Annotations

Branches:
Dungeon (1/15)

Altars:


Message History

You now have 25 gold pieces (gained 10).
A ball python comes into view.
The ball python hisses angrily.
The jackal barely misses you. The jackal closely misses you.
You hit the jackal.
You kill the jackal!
The jackal closely misses you. The jackal misses you.
The jackal closely misses you. The jackal bites you.
You barely miss the jackal. The jackal completely misses you.
The jackal misses you.
You completely miss the jackal. The jackal barely misses you.
The jackal bites you. The jackal closely misses you.
The jackal barely misses you. The jackal bites you.
The jackal barely misses you.
You hit the jackal but do no damage. The jackal closely misses you.
The jackal barely misses you. The jackal bites you.
The jackal closely misses you.
The jackal bites you but does no damage. x2
You barely miss the jackal. The jackal barely misses you.
The jackal bites you. x2
The ball python barely misses you. The ball python completely misses you.
The jackal bites you. The jackal barely misses you.
The jackal bites you but does no damage.
You barely miss the jackal. The jackal bites you.
The ball python barely misses you. The ball python closely misses you.
The jackal closely misses you. The jackal misses you. The jackal bites you.
* * * LOW HITPOINT WARNING * * *
The ball python barely misses you. x2; The jackal closely misses you.
The jackal bites you.
* * * LOW HITPOINT WARNING * * *
You hit the jackal.
You kill the jackal!
The jackal completely misses you. The jackal barely misses you.
The ball python barely misses you. The ball python grabs you.
The ball python constricts you.
You escape the ball python's grasp.
The jackal bites you but does no damage. x2
The ball python bites you but does no damage.
The ball python closely misses you. The jackal misses you.
The jackal bites you.
You die...

###. .. ... .. .. .#
###.####.####
##.....#.....##
##.............##
#..$............#
#....h..........#
#....h@S........#
#...............#
#...............#
#...............# ..
...............†## #..
#..#.....#......#####...
##.############†........
# #.........#
#.#.......#


You could see 2 jackals and a ball python.

Vanquished Creatures
  2 jackals (D:1)
  A quokka (D:1)
  A rat (D:1)
4 creatures vanquished.

Notes
Turn   | Place    | Note
-------+----------+-------------------------------------------
     0 | D:1      | HermannNekro the Human Necromancer began the quest for the
                  | Orb.
     0 | D:1      | Reached XP level 1. HP: 13/13 MP: 3/3
    99 | D:1      | Slain by a jackal

Illustrated notes

Levels and vault maps discovered:
D:1:      amcnicky_arrival_flooded_fountain, layout_rooms,
          dreamdust_ecumenical_altar_statues, patterned_corridor

Action                   || total
-------------------------++-------
Melee: Falchion          ||    10
Armor: Robe              ||     6
Dodge: Dodged            ||    32

Table legend: (Time is in decaauts)
 A = Elapsed time spent in this place.
 B = Non-inter-level travel time spent in this place.
 C = Inter-level travel time spent in this place.
 D = Time resting spent in this place.
 E = Time spent auto-exploring this place.
 F = Levels seen in this place.
 G = Mean time per level.
                   A        B        C        D        E       F      G
               +--------+--------+--------+--------+--------+-----+--------+
         Total |    101 |     52 |     49 |      0 |      0 |   1 |  101.0 |
       Dungeon |    101 |     52 |     49 |      0 |      0 |   1 |  101.0 |
               +--------+--------+--------+--------+--------+-----+--------+

Top non-repeatable levels by time:
     D:1: 101 daAuts
